Map: Triton LE

Players

IIIIIIIIIIII - Winner!

  • Race: Terran Terran
  • League: Master
  • Spawn Location: 5:00

Malfurion

  • Race: Terran Terran
  • League: Platinum
  • Spawn Location: 11:00

VOD

Have the link to the VOD?

Description

Time

  • Played on: Jan. 20, 2020, 1:50 p.m.
  • Length: 11:35
Show
View Real Time Build Order
Export as new Build Order

IIIIIIIIIIII Terran - Winner!

Build Orders: Cyclone Opening 

Get SALT Encoding   

  12  0:01  SCV  
  13  0:14  SCV  
  14  0:21  Supply Depot  
  14  0:26  Refinery  
  14  0:29  SCV  
  15  0:43  SCV  
  15  0:46  Barracks  
  16  0:55  SCV  
  17  1:07  SCV  
  18  1:14  Refinery  
  18  1:19  SCV  
  19  1:33  Orbital Command  
  19  1:36  Reaper  
  20  1:43  Factory  
  20  2:00  SCV  
  21  2:01  Supply Depot  
  21  2:08  Reaper  
  21  2:12  SCV  
  23  2:24  SCV  
  23  2:28  Factory Tech Lab  
  24  2:32  Command Center  
  24  2:36  SCV  
  25  2:44  Starport  
  25  2:46  Barracks Reactor  
  25  2:48  SCV  
  26  2:57  Supply Depot  
  29  2:58  Cyclone  
  29  3:05  SCV  
  30  3:17  SCV  
  31  3:24  Marine x2  
  33  3:30  SCV  
  34  3:38  Factory Tech Lab, Raven  
  36  3:41  Marine  
  36  3:42  Marine  
  36  3:44  SCV  
  36  3:45  Orbital Command  
  39  3:49  Supply Depot  
  39  3:59  Marine x2  
  39  4:00  SCV  
  39  4:01  Siege Tank  
  45  4:11  SCV  
  45  4:12  SCV  
  45  4:14  Supply Depot  
  47  4:23  SCV  
  48  4:24  SCV  
  48  4:30  Starport Reactor  
  47  4:33  Barracks  
  47  4:35  Barracks, SCV  
  47  4:36  Supply Depot, SCV  
  49  4:45  Marine  
  50  4:46  Stimpack  
  50  4:47  SCV  
  50  4:48  SCV  
  50  4:51  Siege Tank  
  55  4:59  SCV  
  56  5:00  SCV  
  57  5:07  Command Center  
  57  5:10  Supply Depot  
  57  5:14  Marine  
  57  5:16  SCV x2  
  57  5:20  Refinery  
  57  5:21  Refinery  
  60  5:23  Starport Reactor  
  60  5:27  Engineering Bay  
  60  5:29  Marine x3, Engineering Bay  
  60  5:33  Marine x2, SCV x2  
  67  5:40  Siege Tank  
  70  5:45  SCV x2  
  70  5:49  Marine  
  72  5:50  Marine x2  
  72  5:51  Marine  
  72  5:56  Supply Depot  
  76  5:58  Terran Infantry Weapons Level 1  
  76  5:59  Supply Depot  
  76  6:00  Terran Infantry Armor Level 1  
  76  6:02  Marine  
  77  6:08  Marine x3  
  77  6:09  Marine  
  77  6:10  Medivac  
  83  6:13  Medivac  
  83  6:16  SCV  
  83  6:18  SCV  
  87  6:20  Orbital Command  
  87  6:24  Siege Tank  
  90  6:29  Marine x3  
  93  6:33  SCV x2  
  93  6:39  Marine x2  
  97  6:45  SCV  
  97  6:46  Orbital Command  
  98  6:47  Marine  
  98  6:48  Marine x2  
  98  6:49  Medivac  
  98  6:50  Medivac  
  105  6:54  SCV  
  105  6:57  SCV  
  105  7:06  Marine x5  
  105  7:07  Siege Tank  
  101  7:16  Barracks  
  101  7:17  Barracks  
  97  7:24  Marine x5  
  97  7:25  Viking x2  
  106  7:32  SCV x3  
  109  7:41  Marine  
  109  7:42  Marine  
  111  7:49  Marine x3  
  111  7:50  Siege Tank  
  108  7:56  SCV x2  
  108  7:57  SCV  
  111  7:59  Marine x2  
  111  8:04  Factory  
  113  8:07  Supply Depot  
  113  8:08  Supply Depot, Armory, SCV  
  113  8:10  Marine x2  
  113  8:11  Marine  
  70  8:12  Medivac x2  
  117  8:17  Marine x2, SCV  
  117  8:18  SCV  
  125  8:20  Barracks Reactor x2, SCV  
  126  8:28  Marine x3  
  126  8:29  Siege Tank  
  126  8:30  SCV  
  126  8:32  Refinery  
  126  8:33  Refinery  
  133  8:34  SCV x2  
  133  8:35  Marine  
  136  8:51  Marine x3  
  139  9:01  Marine x6  
  134  9:02  Factory Tech Lab  
  134  9:03  Siege Tank  
  134  9:04  Medivac x2  
  134  9:09  Marine  
  139  9:10  Marine x2  
  139  9:12  Terran Infantry Weapons Level 2  
  141  9:18  Marine  
  141  9:19  Marine x3  
  141  9:22  Marine x2  
  147  9:27  Marine  
  147  9:28  Marine  
  149  9:49  Command Center  
  149  9:58  Command Center  
  149  10:11  Supply Depot  
  149  10:12  Supply Depot  
  149  10:13  Supply Depot  
  149  10:14  Supply Depot x2  
  149  10:16  Siege Tank, Marine x3, SCV x2  
  157  10:30  Supply Depot  
  157  10:32  Siege Tank, Marine x3, Viking  
  157  10:33  Marine  
  157  10:34  SCV, Marine x4, Viking  
  173  10:48  Siege Tank  
  176  10:50  Marine x2  
  176  10:51  Marine  
  176  10:52  Marine x3  
  176  10:53  Marine x3  
  185  11:05  Missile Turret  
  185  11:06  Missile Turret  
  185  11:08  Marine x2  
Show
View Real Time Build Order
Export as new Build Order

Malfurion Terran 

Build Orders: Gas First Reaper Expand 

Get SALT Encoding   

  12  0:01  SCV  
  13  0:13  SCV  
  14  0:17  Supply Depot  
  14  0:25  SCV  
  15  0:33  Refinery  
  15  0:41  Barracks  
  15  0:45  SCV  
  16  0:57  SCV  
  17  1:09  SCV  
  18  1:21  SCV  
  19  1:29  Reaper  
  20  1:33  Orbital Command  
  20  1:47  Command Center  
  20  2:06  SCV  
  21  2:08  Marine  
  21  2:14  Supply Depot  
  22  2:20  SCV  
  23  2:29  Refinery  
  23  2:33  Factory  
  23  2:35  SCV  
  23  2:36  Barracks Reactor  
  24  2:43  Supply Depot  
  24  2:47  SCV  
  25  3:00  SCV  
  25  3:01  Orbital Command  
  26  3:12  SCV  
  27  3:14  Marine x2  
  27  3:19  Hellion  
  31  3:23  Starport  
  31  3:24  SCV  
  32  3:32  Marine  
  33  3:34  Supply Depot  
  33  3:35  SCV  
  33  3:36  Supply Depot, SCV  
  35  3:41  Factory Tech Lab  
  35  3:47  SCV  
  35  3:48  SCV  
  37  3:59  Supply Depot  
  37  4:01  Supply Depot  
  37  4:05  Marine  
  37  4:06  Marine  
  37  4:09  Factory Tech Lab  
  39  4:10  Raven  
  39  4:14  SCV x2  
  43  4:24  Supply Depot, Marine  
  43  4:27  SCV  
  43  4:30  Siege Tank  
  48  4:37  SCV  
  49  4:42  SCV  
  49  4:44  Command Center  
  50  4:49  Barracks  
  50  4:52  Barracks  
  50  4:54  SCV x2  
  52  5:06  SCV  
  52  5:07  Marine x2  
  53  5:08  Raven  
  53  5:10  SCV, Siege Tank  
  61  5:19  Supply Depot  
  61  5:20  SCV  
  62  5:22  Supply Depot  
  62  5:25  Marine x2  
  64  5:33  SCV  
  65  5:57  Stimpack  
  65  5:58  Factory Tech Lab  
  65  5:59  Marine x3  
  65  6:01  Starport Reactor, Orbital Command  
  65  6:02  Combat Shield  
  68  6:09  SCV x2  
  70  6:12  Refinery  
  70  6:13  Refinery  
  70  6:14  Engineering Bay x2  
  70  6:19  Orbital Command  
  70  6:20  Supply Depot  
  70  6:21  Supply Depot, SCV x2  
  72  6:33  Marine x4, SCV x2  
  79  6:47  SCV x3  
  79  6:51  Marine x4  
  79  6:53  Terran Infantry Armor Level 1  
  85  6:55  Armory  
  85  6:58  Supply Depot  
  85  6:59  SCV x2  
  76  7:08  Marine  
  76  7:09  Marauder, Marine x2  
  76  7:11  Orbital Command  
  70  7:26  Marine x2  
  70  7:27  Marine  
  65  7:30  Marine, Siege Tank  
  67  7:41  Viking x2  
  71  7:44  Marine x2  
  71  7:45  Marauder  
  71  7:48  Marine  
  71  7:49  Orbital Command  
  76  8:02  Marine x2, Siege Tank  
  81  8:06  Marauder x2  
  85  8:13  SCV x2  
  85  8:15  Viking x2  
  91  8:20  Marine x2  
  93  8:27  Marine  
  93  8:28  Marauder  
  93  8:29  SCV x3  
  99  8:35  Siege Tank  
  99  8:37  Marine  
  99  8:38  Marine  
  105  8:41  Refinery, SCV  
  105  8:42  Refinery  
  105  8:43  SCV x2  
  105  8:45  Medivac x2, Marine  
  105  8:47  Terran Infantry Weapons Level 1  
  109  8:48  Marine  
  91  9:01  Marine x2  
  67  9:03  Marine  
  67  9:06  Marine  
  58  9:19  Marine x2  
  58  9:21  Marine  
  59  9:24  Marine  
  59  9:29  SCV x2  
  62  9:35  Command Center  
  62  9:37  Command Center, Marine x2  
  64  9:39  Marine  
  64  9:40  Terran Ship Weapons Level 1  
  64  9:41  SCV x2  
  64  9:42  Marine  
  66  9:55  Marine x2  
  66  9:57  Marine  
  69  10:00  Marine, Viking x2  
  69  10:01  Siege Tank  
  77  10:14  Marine x3  
  77  10:18  Marine  
  81  10:30  Viking x2  
  81  10:32  Marine  
  81  10:34  Marine x2  
  88  10:36  Marauder  
  90  10:49  Marine  
  90  10:51  Marine, SCV  
  90  10:52  Marauder  
  95  10:57  Marine  
  96  11:07  Marine  
  96  11:09  Marine  
Tags
 
Add a new tag
Caveats
  • Supply blocks, unpowered buildings, or Contaminate may cause inaccurate times.
  • Supply counts are checked every 10 seconds.